Map: Акрополь РВ

Players

Murena - Winner!

  • Race: Terran Terran
  • Spawn Location: 11:00

ИИ 1 (новичок)

  • Race: Terran Terran
  • Spawn Location: 5:00

VOD

Have the link to the VOD?

Description

Time

  • Played on: Aug. 17, 2019, 2:10 p.m.
  • Length: 5:50
Show
View Real Time Build Order
Export as new Build Order

Murena Terran - Winner!

Build Orders:  

Get SALT Encoding   

  12  0:01  SCV  
  13  0:33  Supply Depot  
  13  0:41  SCV  
  14  0:53  SCV  
  15  0:57  Barracks  
  15  1:01  Barracks  
  15  1:04  Barracks  
  15  1:06  SCV  
  16  1:17  Supply Depot  
  16  1:18  SCV  
  17  1:31  SCV  
  18  1:46  Refinery, Marine  
  19  1:48  SCV  
  19  1:49  Marine  
  19  1:51  Marine  
  22  2:03  SCV, Supply Depot  
  22  2:04  Marine  
  24  2:10  Marine  
  24  2:11  Marine  
  26  2:16  SCV  
  27  2:24  Refinery  
  27  2:26  Marine  
  27  2:28  Marine  
  29  2:30  Barracks Reactor  
  29  2:32  SCV  
  30  2:39  Supply Depot  
  30  2:47  Marine  
  30  2:49  Barracks Reactor  
  31  2:51  SCV  
  32  3:06  Barracks Tech Lab  
  32  3:07  Marine  
  32  3:08  Marine  
  32  3:11  SCV  
  35  3:25  Marine x2  
  37  3:27  Marine x2  
  37  3:30  Marauder  
  41  3:37  Supply Depot  
  41  3:41  SCV, Supply Depot  
  41  3:45  Marine x2  
  41  3:46  Marine x2  
  46  3:52  Combat Shield  
  46  4:01  Marauder  
  48  4:04  Marine  
  48  4:06  Marine  
  50  4:10  Marine  
  50  4:13  Marine  
  52  4:22  Orbital Command  
  52  4:46  Command Center  
  52  4:52  Marine  
  52  4:54  SCV  
  54  5:05  Factory  
  54  5:07  SCV  
  55  5:14  Marine x2  
  55  5:16  Marauder, Marine  
  55  5:19  Marine  
  61  5:30  SCV  
  61  5:32  Marine  
  63  5:37  Supply Depot  
  63  5:44  Supply Depot  
Show
View Real Time Build Order
Export as new Build Order

ИИ 1 (новичок) Terran 

Build Orders:  

Get SALT Encoding   

  12  0:00  SCV  
  13  0:13  SCV  
  14  0:17  Supply Depot  
  14  0:37  Refinery  
  14  0:42  Barracks  
  14  1:03  Supply Depot  
  14  1:12  Refinery  
  14  1:29  SCV, Marine  
  16  1:41  SCV  
  17  1:53  SCV  
  18  2:04  Marine  
  18  2:05  SCV  
  20  2:17  SCV  
  21  2:29  SCV  
  22  2:38  Marine  
  22  2:41  Orbital Command  
  23  4:33  SCV  
  21  5:27  SCV  
  12  5:42  Barracks  
Tags
 
Add a new tag
Caveats
  • Supply blocks, unpowered buildings, or Contaminate may cause inaccurate times.
  • Supply counts are checked every 10 seconds.